 Dungeon Crawl Stone Soup version 0.19.1 (webtiles) character file.

119 Minion the Covered (level 4, -3/39 HPs)
             Began as a Minotaur Fighter on Nov 30, 2016.
             Slain by Grinder (8 damage)
             ... on level 3 of the Dungeon.
             The game lasted 00:04:52 (2085 turns).

Minion the Covered (Minotaur Fighter)               Turns: 2085, Time: 00:04:53

Health: -3/39      AC:  8    Str: 20    XL:     4   Next: 73%
Magic:  3/3        EV:  9    Int:  5    God:
Gold:   83         SH:  0    Dex: 11    Spells: 0 memorised, 3 levels left

rFire  . . .     SeeInvis .     a - +0 war axe
rCold  . . .     Gourm    .     b - +0 scale mail
rNeg   . . .     Faith    .     (no shield)
rPois  .         Spirit   .     (helmet restricted)
rElec  .         Reflect  .     (no cloak)
rCorr  .         Harm     .     u - +0 pair of gloves
MR     .....                    (no boots)
Stlth  ..........               t - amulet of magic regeneration
                                (no ring)
                                (no ring)

@: no status effects
A: retaliatory headbutt, horns 2
a: no special abilities


You were on level 3 of the Dungeon.
You were not hungry.

You visited 1 branch of the dungeon, and saw 3 of its levels.

You collected 83 gold pieces.

Inventory:

Hand Weapons
 a - a +0 war axe (weapon)
Armour
 b - a +0 scale mail (worn)
 u - a +0 pair of gloves (worn)
Jewellery
 t - an amulet of magic regeneration (around neck)
Wands
 s - a wand of random effects (29/48)
Scrolls
 c - 4 scrolls of remove curse {unknown}
 g - a scroll of enchant armour {unknown}
 k - 4 scrolls of teleportation {unknown}
 l - a scroll of blinking {unknown}
 m - 2 scrolls of random uselessness {unknown}
 o - a scroll of identify {unknown}
 p - a scroll of amnesia {unknown}
Potions
 d - a potion of might
 e - a potion of magic {unknown}
 i - 3 potions of degeneration {unknown}
 q - a potion of heal wounds {unknown}
 r - a potion of experience {unknown}
Comestibles
 f - 4 bread rations
 h - 2 beef jerkies
 j - 7 fruits
 n - 3 chunks of flesh


   Skills:
 - Level 3.6 Fighting
 + Level 4.3 Axes
 + Level 5.5 Armour
   Level 3.6 Shields


You had 3 spell levels left.
You didn't know any spells.

Dungeon Overview and Level Annotations

Branches:
Dungeon (3/15)

Altars:

Annotations:
D:3 Grinder


Innate Abilities, Weirdness & Mutations

You reflexively headbutt those who attack you in melee.
You have a pair of horns on your head.


Message History

You barely miss Grinder. You headbutt Grinder.
Grinder is moderately wounded.
Grinder gestures at you.
You suddenly lose the ability to move!
Grinder hits you.
You writhe in agony.
Grinder hits you but does no damage. Grinder hits you.
You writhe in agony.
Grinder hits you.
You writhe in agony.
Grinder hits you.
You writhe in agony.
You can move again.
You slash Grinder!
Grinder is heavily wounded.
Grinder hits you.
* * * LOW HITPOINT WARNING * * *
You writhe in agony.
* * * LOW HITPOINT WARNING * * *
You barely miss Grinder.
Grinder is heavily wounded.
Grinder hits you!
You die...

... #.# ##### #.#
w........ ##....#.#
........# #w# #### #5#
#.... ##@# ###. #....
#..# #[.. ..
#.....#.###..# ..#
......#.##..#####..#
........##.###....####
....!...#............##
.##...................#
....##..#..............
.#####.................


You could see Grinder and a dart slug.

Vanquished Creatures
  3 adders
  2 worms (D:2)
  6 dart slugs
  3 leopard geckos (D:1)
  5 orcs (D:3)
  2 giant cockroaches (D:1)
  4 goblins
  5 hobgoblins
  5 jackals
  8 kobolds
  3 quokkas
  7 bats
  5 frilled lizards
  6 rats
64 creatures vanquished.

Notes
Turn   | Place    | Note
-------+----------+-------------------------------------------
     0 | D:1      | Minion the Minotaur Fighter began the quest for the Orb.
     0 | D:1      | Reached XP level 1. HP: 19/19 MP: 0/0
     8 | D:1      | Noticed a tengu
     8 | D:1      | Noticed an octopode
    10 | D:1      | Noticed a spriggan
    10 | D:1      | Noticed a ghoul
    12 | D:1      | Noticed a demigod
    14 | D:1      | Noticed a gargoyle
    18 | D:1      | Noticed a felid
    18 | D:1      | Noticed a draconian
    20 | D:1      | Noticed a halfling
    20 | D:1      | Noticed a human
    22 | D:1      | Noticed a merfolk
    22 | D:1      | Noticed a dwarf
    24 | D:1      | Noticed a demonspawn
    24 | D:1      | Noticed a troll
    26 | D:1      | Noticed an elf
    26 | D:1      | Noticed a vampire
    28 | D:1      | Noticed a formicid
    28 | D:1      | Noticed a minotaur
    30 | D:1      | Noticed an ogre
    30 | D:1      | Noticed a vine stalker
    32 | D:1      | Noticed a centaur
    32 | D:1      | Noticed a naga
   250 | D:1      | Reached skill level 4 in Armour
   333 | D:1      | Reached XP level 2. HP: 22/26 MP: 1/1
   580 | D:1      | Reached XP level 3. HP: 28/31 MP: 2/2
  1295 | D:2      | Reached skill level 5 in Armour
  1332 | D:2      | Reached XP level 4. HP: 39/39 MP: 3/3
  2067 | D:3      | Noticed Grinder
  2078 | D:3      | Paralysed by Grinder for 6 turns
  2085 | D:3      | Slain by Grinder

Skill      XL: |  1  2  3  4 |
---------------+-------------+-----
Armour         | 4 5 |  5.5
Axes           | 3 4 |  4.3
Fighting       | |  3.6
Shields        | |  3.6

Action                   |  1- 3 |  4- 6 || total
-------------------------+-------+-------++-------
Melee: War axe           |    88 |    55 ||   143
       Headbutt          |    11 |    12 ||    23
  Eat: Chunk             |     1 |     3 ||     4
Armor: Scale mail        |    37 |    24 ||    61
Dodge: Dodged            |    44 |    44 ||    88
